 Dungeon Crawl Stone Soup version 0.29-a0-668-g12ee2bf84d (webtiles) character file.

Game seed: 14471463707258802145

595328 peter4 the Minotaur Barricade (level 26, -8/256 (261) HPs)
             Began as a Minotaur Fighter on May 30, 2022.
             Was an Initiate of Gozag.
             Mangled by a death cob (11 damage)
             ... on level 3 of the Realm of Zot on June 24, 2022.
             The game lasted 07:12:25 (69169 turns).

peter4 the Minotaur Barricade (Minotaur Fighter)   Turns: 69169, Time: 07:12:25

HP:   -8/256 (261)  AC: 41    Str: 32    XL:     26   Next: 33%
MP:   23/23         EV: 10    Int:  7    God:    Gozag
Gold: 14711         SH: 35    Dex: 17    Spells: 27/27 levels left

rFire   + + +      SeeInvis +   b - +6 hand axe "Caog" {elec, *Corrode rElec rF+++ Str+3}
rCold   + . .      Faith    .   s - +4 tower shield
rNeg    . . .      Spirit   .   o - +9 gold dragon scales
rPois   +          Reflect  +   g - +2 hat
rElec   +          Harm     .   p - +2 cloak of Yrow {Will+ Int+3}
rCorr   .          Rampage  +   K - +0 pair of gloves of Distant Shores {+Blink Regen+ SInv}
Will    +++..                   L - +2 pair of boots {rampage}
Stlth   ..........              F - amulet of reflection
HPRegen 1.32/turn               z - +4 ring of slaying
MPRegen 0.18/turn               I - +4 ring of slaying

@: lethally poisoned (-8 -> -23), about to teleport, corroded, gold aura,
slowed, studying 2 skills, lightly drained, very slow
A: horns 2, retaliatory headbutt, claws 1, agile 1, strong-willed 1
}: 3/15 runes: decaying, serpentine, abyssal
a: Renounce Religion, Evoke Blink, Potion Petition, Call Merchant, Bribe Branch


You were on level 3 of the Realm of Zot.
You worshipped Gozag.
Gozag was extremely pleased with you.
You visited 10 branches of the dungeon, and saw 46 of its levels.
You visited the Abyss 1 time.
You also visited: Sewer, Ice Cave, Wizlab and Desolation.

You collected 28297 gold pieces.
You spent 4945 gold pieces at shops.
You paid 8641 gold pieces to Gozag.

Inventory:

Hand Weapons
 a - a +9 broad axe of freezing
 b - the +6 hand axe "Caog" (weapon) {elec, *Corrode rElec rF+++ Str+3}
   (You bought it in a shop on level 1 of the Lair of Beasts)

   It occasionally discharges a powerful burst of electricity upon striking a
   foe.
   Str:       It affects your strength (+3).
   rF:        It renders you almost immune to fire.
   rElec:     It insulates you from electricity.
   *Corrode:  It may corrode you when you take damage.
 f - a +5 broad axe of flaming
 l - a +3 vampiric war axe
 V - the +5 broad axe of the Coin {vorpal, rC+}
   (You took it off a deep elf sorcerer on level 3 of the Elven Halls)

   It inflicts extra damage upon your enemies.
   rC:        It protects you from cold.
Missiles
 i - 4 silver javelins
 Q - 11 javelins (quivered)
Armour
 g - a +2 hat (worn)
 k - the +1 cloak of Starlight {*Dazzle EV+4 Stlth--}
   (You found it in a wizard's laboratory)

   It may blind those who miss an attack against the wearer in melee combat.
   EV:        It affects your evasion (+4).
   Stlth:     It makes you much less stealthy.
 o - +9 gold dragon scales (worn)
 p - the +2 cloak of Yrow (worn) {Will+ Int+3}
   (You found it on level 3 of the Depths)

   Int:       It affects your intelligence (+3).
   Will:      It increases your willpower.
 s - a +4 tower shield (worn)
 K - the +0 pair of gloves of Distant Shores (worn) {+Blink Regen+ SInv}
   (You found it on level 1 of the Swamp)

   SInv:      It lets you see invisible.
   +Blink:    It lets you blink.
   Regen:     It increases your rate of health regeneration.
 L - a +2 pair of boots of rampaging (worn)
Jewellery
 c - a +4 ring of slaying
 h - a ring of see invisible
 q - the ring of the Crown {+Blink rPois rF+}
   (You took it off a deep elf death mage on level 3 of the Elven Halls)

   [ring of protection from fire]

   rF:        It protects you from fire.
   rPois:     It protects you from poison.
   +Blink:    It lets you blink.
 x - a ring of willpower
 z - a +4 ring of slaying (left hand)
 E - the ring of Zilem {rF++ rCorr Str+2 Int-2}
   (You found it in the Desolation of Salt)

   [ring of resist corrosion]

   Str:       It affects your strength (+2).
   Int:       It affects your intelligence (-2).
   rF:        It greatly protects you from fire.
   rCorr:     It protects you from acid and corrosion.
 F - an amulet of reflection (around neck)
 I - a +4 ring of slaying (right hand)
Wands
 r - a wand of paralysis (14)
 t - a wand of iceblast (4)
 A - a wand of acid (6)
 M - a wand of digging (33)
Scrolls
 e - 41 scrolls of identify
 v - 7 scrolls of blinking
 y - a scroll of amnesia
 G - 12 scrolls of teleportation
 J - 2 scrolls of magic mapping
 S - 7 scrolls of fear
Potions
 d - a potion of might
 j - a potion of flight
 m - 3 potions of ambrosia
 n - 2 potions of heal wounds
 u - 15 potions of curing
 w - a potion of mutation
 B - 5 potions of cancellation
 C - 2 potions of magic
 R - 6 potions of invisibility
 X - 6 potions of haste
 Y - 3 potions of berserk rage
Miscellaneous
 U - a condenser vane


   Skills:
 + Level 26.0 Fighting
 - Level 8.0 Long Blades
 + Level 26.4(26.5) Axes
 - Level 1.9(17.7) Maces & Flails
 - Level 3.6(18.0) Polearms
 - Level 12.9 Throwing
 + Level 22.3 Armour
 + Level 5.8 Dodging
 - Level 2.4 Stealth
 O Level 27 Shields
 + Level 1.3 Spellcasting
 + Level 1.4 Translocations
 + Level 1.5 Invocations
 + Level 3.5 Evocations


You had 27 spell levels left.
You didn't know any spells.
Your spell library contained the following spells:

 Spells                   Type           Power      Damage    Failure   Level
 Apportation              Tloc           4%         N/A       85%         1
 Blink                    Tloc           4%         N/A       94%         2
 Beastly Appendage        Tmut           0%         N/A       96%         1
 Freeze                   Ice            0%         1d3       96%         1
 Magic Dart               Conj           0%         1d3       96%         1
 Necrotize                Necr           0%         1d4       96%         1
 Sandblast                Erth           0%         2d4       96%         1
 Shock                    Conj/Air       0%         1d3       96%         1
 Slow                     Hex            0%         N/A       96%         1
 Summon Small Mammal      Summ           0%         N/A       96%         1
 Call Imp                 Summ           0%         N/A       99%         2
 Ensorcelled Hibernation  Hex/Ice        0%         N/A       99%         2
 Passwall                 Tmut/Erth      0%         N/A       99%         2
 Scorch                   Fire           0%         2d5       99%         2
 Searing Ray              Conj           0%         2d4       99%         2
 Static Discharge         Conj/Air       0%         N/A       99%         2
 Sublimation of Blood     Necr           0%         N/A       99%         2
 Wereblood                Tmut           0%         N/A       99%         2
 Gell's Gravitas          Tloc           2%         N/A       99%         3
 Lesser Beckoning         Tloc           2%         N/A       99%         3
 Teleport Other           Tloc           2%         N/A       99%         3
 Call Canine Familiar     Summ           0%         N/A       100%        3
 Confusing Touch          Hex            0%         N/A       100%        3
 Conjure Flame            Conj/Fire      0%         6-21      100%        3
 Dazzling Flash           Conj/Hex       0%         N/A       100%        3
 Frozen Ramparts          Ice            0%         1d2       100%        3
 Ignite Poison            Fire/Tmut/Pois 0%         N/A       100%        3
 Inner Flame              Hex/Fire       0%         N/A       100%        3
 Mephitic Cloud           Conj/Pois/Air  0%         N/A       100%        3
 Ozocubu's Armour         Ice            0%         N/A       100%        3
 Portal Projectile        Hex/Tloc       2%         N/A       100%        3
 Spider Form              Tmut/Pois      0%         N/A       100%        3
 Stone Arrow              Conj/Erth      0%         3d7       100%        3
 Summon Guardian Golem    Hex/Summ       0%         N/A       100%        3
 Swiftness                Air            0%         N/A       100%        3
 Tukima's Dance           Hex            0%         N/A       100%        3
 Airstrike                Air            0%         N/A       100%        4
 Anguish                  Hex/Necr       0%         N/A       100%        4
 Animate Armour           Summ/Erth      0%         N/A       100%        4
 Cause Fear               Hex            0%         N/A       100%        4
 Dispel Undead            Necr           0%         3d6       100%        4
 Fulminant Prism          Conj/Hex       0%         3d6       100%        4
 Hailstorm                Conj/Ice       0%         3d3       100%        4
 Ice Form                 Ice/Tmut       0%         N/A       100%        4
 Leda's Liquefaction      Hex/Erth       0%         N/A       100%        4
 Olgreb's Toxic Radiance  Pois           0%         N/A       100%        4
 Passage of Golubria      Tloc           2%         N/A       100%        4
 Sticky Flame             Conj/Fire      0%         2d3       100%        4
 Summon Ice Beast         Ice/Summ       0%         N/A       100%        4
 Agony                    Necr           0%         N/A       100%        5
 Alistair's Intoxication  Tmut/Pois      0%         N/A       100%        5
 Blade Hands              Tmut           0%         N/A       100%        5
 Borgnjor's Vile Clutch   Necr/Erth      0%         N/A       100%        5
 Fireball                 Conj/Fire      0%         3d3       100%        5
 Freezing Cloud           Conj/Ice/Air   0%         6-21      100%        5
 Irradiate                Conj/Tmut      0%         3d13      100%        5
 Iskenderun's Battlesphe  Conj           0%         2d6       100%        5
 Lee's Rapid Deconstruct  Erth           0%         3d5*      100%        5
 Metabolic Englaciation   Hex/Ice        0%         N/A       100%        5
 Silence                  Hex/Air        0%         N/A       100%        5
 Summon Forest            Summ/Tloc      0%         N/A       100%        5
 Summon Mana Viper        Hex/Summ       0%         N/A       100%        5
 Yara's Violent Unravell  Hex/Tmut       0%         3d3       100%        5
 Conjure Ball Lightning   Conj/Air       0%         3x3d6     100%        6
 Death Channel            Necr           0%         N/A       100%        6
 Dispersal                Tloc           1%         N/A       100%        6
 Eringya's Noxious Bog    Tmut/Pois      0%         N/A       100%        6
 Iron Shot                Conj/Erth      0%         9d1       100%        6
 Starburst                Conj/Fire      0%         6d3       100%        6
 Statue Form              Tmut/Erth      0%         N/A       100%        6
 Summon Cactus Giant      Summ           0%         N/A       100%        6
 Dragon Form              Tmut           0%         N/A       100%        7
 Enfeeble                 Hex            0%         N/A       100%        7
 Malign Gateway           Summ/Tloc      0%         N/A       100%        7
 Monstrous Menagerie      Summ           0%         N/A       100%        7
 Ozocubu's Refrigeration  Ice            0%         4d5       100%        7
 Spellforged Servitor     Conj/Summ      0%         N/A       100%        7
 Discord                  Hex            0%         N/A       100%        8
 Disjunction              Tloc           1%         N/A       100%        8
 Ignition                 Fire           0%         3d3       100%        8
 Lehudib's Crystal Spear  Conj/Erth      0%         10d2      100%        8
 Necromutation            Tmut/Necr      0%         N/A       100%        8
 Summon Horrible Things   Summ           0%         N/A       100%        8
 Death's Door             Necr           0%         N/A       100%        9
 Corpse Rot               Necr/Pois/Air  Unusable   N/A       N/A         4
 Simulacrum               Ice/Necr       Unusable   N/A       N/A         6

Dungeon Overview and Level Annotations

Branches:
Dungeon (15/15)            Temple (1/1) D:5            Lair (6/6) D:11
  Swamp (4/4) Lair:4        Snake (4/4) Lair:2        Slime (0/5) Lair:5
    Orc (2/2) D:12            Elf (3/3) Orc:2        Vaults (4/5) D:13
  Crypt (0/3) Vaults:2     Depths (4/4) D:15            Zot (3/5) Depths:4
  Sewer (visited)           IceCv (visited)          WizLab (visited)
Desolation (visited)

Altars:
Ashenzari
Cheibriados
Dithmenos
Elyvilon
Fedhas
Gozag
Hepliaklqana
Kikubaaqudgha
Makhleb
Nemelex Xobeh
Okawaru
Qazlal
Ru
Sif Muna
Trog
Uskayaw
Vehumet
Wu Jian
Xom
Yredelemnul
Zin
The Shining One
Lugonu

Shops:
D:2 (   D:3 *   D:8 [   Orc:2 [?::   Lair:1 **[[(?   Snake:1 ==:   Vaults:3 ?(
Vaults:4 (   Depths:4 ?!(

Portals:
Hell: Depths:1 Depths:2 Depths:3 Depths:4
Abyss: Elf:1 Depths:3 Depths:4
Pandemonium: Depths:2
Ziggurat: Depths:3

Annotations:
D:5 2 runed translucent doors, DocClef's ghost, amateur GnDe
D:7 3 runed translucent doors, DocClef's ghost, amateur GnDe; oldark's ghost, novice DDMo
D:11 3 runed translucent doors, Taurus's ghost, journeyman MiFi
Swamp:3 Roxanne
Elf:1 1 runed translucent door, 2 transporters, DocClef's ghost, adept GrFi


Innate Abilities, Weirdness & Mutations

You have a pair of horns on your head.
You reflexively headbutt those who attack you in melee.
You have sharp fingernails.
You are agile. (Dex +4, Int/Str-1)
You are strong-willed. (Will+)


Message History

You slash the white draconian! You barely miss the green draconian.
You slash the green draconian!
You hit the shadow dragon but do no damage.
Lightning courses through the shadow dragon!
You feel extremely sick. You block the death cob's attack.
You block the green draconian's attack. x2
You miss the death cob. You headbutt the death cob.
The death cob is lightly damaged.
You hit the green draconian but do no damage.
You slash the shadow dragon!
You hit the white draconian but do no damage.
You slash the green draconian!
You feel very sick. You block the death cob's attack.
You block the shadow dragon's attack.
The shadow dragon claws you but does no damage.
You block the shadow dragon's attack.
You block the green draconian's attack. x2
The white draconian hits you but does no damage.
The death cob hits you.
* * * LOW HITPOINT WARNING * * *
The death cob drains your vigour!
You feel yourself slow down.
As you read the scroll of teleportation, it crumbles to dust.
You feel strangely unstable.
You feel the Orb delaying your translocation!
You feel extremely sick. You block the death cob's attack.
The death cob closely misses you. You furiously retaliate!
You headbutt the death cob.
The yellow draconian annihilator casts a spell at you.
The iron shot hits you!!
* * * LOW HITPOINT WARNING * * *
The green draconian hits you with a +0 war axe.
* * * LOW HITPOINT WARNING * * *
The green draconian tail-slaps you but does no damage.
You block the shadow dragon's attack.
The shadow dragon claws you but does no damage.
You block the shadow dragon's attack.
The green draconian hits you but does no damage.
The green draconian tail-slaps you but does no damage.
You block the white draconian's attack. The death cob hits you!
You die...
Your body crumbles into a pile of gold.

#.####....#.#
.dd.z.......#
.q####....#'####
#.........#
#.........#
#.#.......###
#.#.#...q.....#
#.............# #
.....##.d@d...# .#
.... #.dzD...#
###.# .. #.......#
#...# ##....###
#.########
#$########.)))....<
#$##.........)..#..
#$##.###..)####.#..
#$##.# #........#..
#.##.# #...###..#..


You could see a shadow dragon, 2 draconians, a white draconian, a death cob and
a yellow draconian annihilator.

Vanquished Creatures
  Tiamat (Zot:3)
  Mara (Elf:3)
  2 juggernauts
  Sojobo (Depths:1)
  Parghit (Depths:4)
  Bai Suzhen (Swamp:3)
  Vashnia (Snake:3)
  Margery (Depths:3)
  Saint Roka (Snake:3)
  5 caustic shrikes
  6 golden dragons
  Nikola (Elf:3)
  A bone dragon (Depths:1)
  3 hellephants (Depths:3)
  2 doom hounds (Zot:1)
  An electric golem (Zot:1)
  Mlioglotl (Swamp:2)
  Rupert (D:13)
  A shard shrike skeleton (Abyss:2)
  8 tentacled monstrosities
  A walking earthen tome (Depths:1)
  Grunn (Zot:1)
  A deep elf master archer (Elf:3)
  A walking frostbound tome (Depths:2)
  Asterion (Snake:3)
  7 quicksilver dragons
  5 liches
  2 deep elf blademasters (Elf:3)
  4 death cobs
  2 eldritch tentacles
  Frances (D:12)
  7 tentacled starspawn
  Gastronok (D:11)
  4 sphinxes
  5 storm dragons
  6 tengu reavers
  A fenstrider witch (Swamp:2)
  2 shadow dragons (Zot:1)
  7 nagarajas (Snake:4)
  2 draconian monks
  6 fire giants
  10 deep elf sorcerers
  2 frost giants
  A balrug (Depths:4)
  8 vault wardens
  Louise (Depths:3)
  An iron dragon (Depths:4)
  2 draconian stormcallers
  2 imperial myrmidons (Desolation)
  Aizul (Snake:2)
  A spriggan defender (Depths:3)
  2 deep elf elementalists (Elf:3)
  2 reapers
  11 ironbound preservers
  5 draconian shifters (Zot:3)
  2 draconian annihilators
  10 ironbound thunderhulks
  A juggernaut skeleton (Depths:2)
  13 stone giants
  25 very ugly things
  6 vampire knights
  Nessos (D:13)
  3 green draconians
  5 deep elf demonologists
  3 eleionomae
  2 yellow draconians
  A bunyip (shapeshifter) (Depths:2)
  3 entropy weavers
  4 bunyips
  4 black draconians
  Azrael (Elf:1)
  8 red draconians
  13 dire elephants
  9 deep elf annihilators
  6 white draconians
  10 spark wasps (Depths:2)
  2 purple draconians (Zot:3)
  An eidolon (Depths:1)
  4 deep elf death magi (Elf:3)
  13 fire dragons
  Josephine (D:11)
  5 crystal guardians
  8 ragged hierophants (Desolation)
  7 ettins
  8 great orbs of eyes
  A merfolk impaler (Depths:1)
  10 yaktaur captains
  Fannar (Lair:1)
  3 shambling mangroves
  A boulder beetle (shapeshifter) (Depths:2)
  4 deep elf high priests (Elf:3)
  Harold (Lair:1)
  10 peacekeepers
  4 rakshasas
  A hell beast (Depths:2)
  3 vault guards (Vaults:4)
  4 boulder beetles
  The ghost of Plog the Basher, a journeyman DsBe of Trog (Snake:4)
  23 hydras
  4 salamander tyrants (Snake:4)
  6 ogre magi
  A caustic shrike simulacrum (Depths:1)
  5 ice dragons
  6 spriggan air magi
  4 ghost crabs
  2 catoblepae
  10 ironbound frosthearts
  4 servants of whispers (Desolation)
  13 alligators
  3 two-headed ogres
  12 centaur warriors
  9 naga warriors
  5 anacondas
  3 deep troll shamans
  4 tengu warriors
  17 death yaks
  9 hell hogs (Depths:3)
  5 deep troll earth magi
  A vampire mage (Depths:4)
  21 naga sharpshooters
  9 shock serpents
  Urug (D:13)
  2 orc high priests
  12 deep elf knights
  3 thrashing horrors
  3 sun demons
  7 spriggan berserkers
  A soul eater (WizLab)
  12 hell knights
  2 fire crabs
  2 wretched stars (Abyss:3)
  A golden dragon zombie (Depths:2)
  7 iron trolls
  3 salamander mystics (Snake:4)
  Lodul (D:13)
  3 glowing orange brains
  2 spriggan druids
  A goliath frog (shapeshifter) (Depths:3)
  4 goliath frogs
  59 deep trolls
  19 wizards
  8 bog bodies
  An obsidian statue (WizLab)
  3 sea snakes (Snake:2)
  22 ironbound convokers
  6 necromancers
  8 swamp dragons
  15 lindwurms
  Pikel (D:8)
  A flayed ghost (Depths:2)
  5 deep elf archers
  2 naga ritualists
  2 phantasmal warriors (Depths:4)
  A tengu zombie (Depths:2)
  A large abomination (WizLab)
  11 harpies
  4 orc knights (Orc:2)
  14 deep elf zephyrmancers
  22 deep elf pyromancers
  A shadow dragon skeleton (Depths:1)
  43 ugly things
  4 worldbinders (WizLab)
  3 orc sorcerers
  2 manticores
  A fire giant zombie (Depths:2)
  12 mana vipers
  7 will-o-the-wisps
  An iron dragon skeleton (Depths:1)
  2 cyclopes
  A sphinx skeleton (Depths:2)
  10 salamanders
  21 elephants
  42 black mambas
  9 moths of wrath
  11 guardian serpents
  A black mamba (shapeshifter) (Elf:3)
  Maurice (D:11)
  18 vault sentinels
  5 smoke demons
  16 naga magi
  Joseph (D:8)
  A torpor snail (Lair:2)
  3 ice statues
  An eye of devastation (Depths:3)
  2 centaur skeletons (D:15)
  2 gargoyles
  7 molten gargoyles
  A centaur zombie (D:15)
  16 rime drakes
  18 cane toads
  A rime drake (shapeshifter) (Vaults:1)
  2 freezing wraiths (D:14)
  12 komodo dragons
  An unseen horror (D:13)
  An anaconda simulacrum (Snake:4)
  3 kobold demonologists
  6 tengu conjurers
  5 hellwings
  26 yaktaurs
  5 ice devils (IceCv)
  A golden dragon simulacrum (Depths:1)
  A redback zombie (D:15)
  A queen bee (shapeshifter) (Depths:3)
  2 red devils
  A bloated husk (Swamp:3)
  2 hydra zombies (Swamp:1)
  4 trolls
  3 ancient zymes
  2 polar bears
  2 burning bushes (Lair:6)
  6 tyrant leeches
  13 hornets
  An iron dragon simulacrum (Depths:1)
  10 dream sheep
  32 blink frogs
  48 saltlings (Desolation)
  53 slime creatures
  4 jumping spiders
  7 wyverns
  A culicivora (Vaults:4)
  4 shadows
  9 water elementals
  7 wraiths
  3 ynoxinuls
  11 spriggans
  42 yaks
  An unseen horror simulacrum (D:9)
  7 fire elementals
  6 basilisks
  16 humans (D:13)
  A neqoxec (Depths:2)
  3 death yak simulacra
  2 chaos spawn
  16 steam dragons
  Eustachio (D:6)
  2 golden eyes (Depths:1)
  5 vampire mosquitoes
  8 redbacks
  Menkaure (D:4)
  6 wargs
  A harpy simulacrum (IceCv)
  4 spatial vortices
  37 nagas
  2 mana viper simulacra (Snake:4)
  An acid dragon (D:12)
  8 hell hounds
  10 swamp worms
  3 spectral nagas (Snake:4)
  19 water moccasins
  A glowing shapeshifter skeleton (Depths:1)
  3 floating eyes
  4 sky beasts
  A meliai simulacrum (D:15)
  43 orc warriors
  5 ice beasts (D:9)
  7 swamp drakes
  6 black bears
  10 starcursed masses (Abyss:3)
  2 black mamba simulacra (Snake:4)
  17 centaurs
  14 ogres
  A boggart (shapeshifter) (Elf:3)
  30 wolves
  11 boggarts
  A lemure (D:8)
  A phantom (D:6)
  8 kobold brigands
  2 gnoll sergeants
  14 bullfrogs
  3 cane toad simulacra (IceCv)
  A necrophage (D:6)
  4 scorpions
  4 earth elementals
  4 wights
  4 small abominations
  4 killer bees
  An elephant simulacrum (IceCv)
  5 howler monkeys
  6 electric eels
  6 lava snakes
  5 hounds
  2 jellies
  15 orc priests
  A gnoll shaman (D:5)
  An iron imp (WizLab)
  25 orc wizards
  Terence (D:2)
  6 iguanas
  6 hell rats (Lair:1)
  2 polar bear simulacra
  A spriggan simulacrum (IceCv)
  A troll simulacrum (IceCv)
  Robin (D:2)
  6 adders
  10 gnolls
  A river rat (D:5)
  5 naga simulacra
  10 white imps
  8 ufetubi
  97 orcs
  5 endoplasms
  7 giant cockroaches
  13 goblins
  6 hobgoblins
  2 jackals (D:1)
  6 quokkas
  9 ball pythons
  5 bats
  10 frilled lizards
  36 kobolds
  5 rats
  2 lurking horrors
  6 starspawn tentacles
2121 creatures vanquished.

Vanquished Creatures (others)
  A deep elf master archer (Elf:3)
  A deep elf sorcerer (Elf:3)
  16 dancing weapons (Elf:2)
  A spriggan berserker (Swamp:4)
  A deep elf knight (Elf:1)
  2 goliath frogs (Swamp:2)
  A wizard (Depths:3)
  A lindwurm (Depths:1)
  A deep elf zephyrmancer (Elf:1)
  A deep elf pyromancer (Elf:2)
  An ugly thing (D:14)
  A rime drake (Lair:4)
  A komodo dragon (Lair:6)
  A tengu conjurer (D:15)
  A tyrant leech (Swamp:2)
  3 bloated husks
  A naga (Snake:2)
  A killer bee (D:8)
  An orc wizard (D:10)
  A bush (Lair:6)
  22 foxfires
  15 fungi
  A lurking horror (Elf:1)
  106 plants
  14 starspawn tentacles
196 creatures vanquished.

Grand Total: 2317 creatures vanquished

Notes
Turn   | Place    | Note
-------+----------+-------------------------------------------
     0 | D:1      | peter4 the Minotaur Fighter began the quest for the Orb.
     0 | D:1      | Reached XP level 1. HP: 19/19 MP: 0/0
   186 | D:1      | Reached XP level 2. HP: 25/27 MP: 1/1
   702 | D:2      | Reached skill level 4 in Shields
   766 | D:2      | Found a faded altar of an unknown god.
   769 | D:2      | Found Inwim's Antique Weapon Shoppe.
   851 | D:2      | Noticed Terence
   858 | D:2      | Killed Terence
   859 | D:2      | Reached XP level 3. HP: 27/33 MP: 2/2
  1163 | D:2      | Noticed Robin
  1172 | D:2      | Killed Robin
  1185 | D:2      | Reached XP level 4. HP: 35/40 MP: 3/3
  1615 | D:3      | Found an opulent altar of Gozag.
  1615 | D:3      | Found Gozag's Platinum Reserve.
  1633 | D:3      | Became a worshipper of Gozag Ym Sagoz the Greedy
  2095 | D:4      | Reached XP level 5. HP: 41/47 MP: 4/4
  2100 | D:4      | Identified the +5 robe "Emayvenu" {+Inv}
  2140 | D:4      | Reached skill level 1 in Throwing
  2297 | D:4      | You fall into a shaft and drop 3 floors!
  2310 | D:7      | Reached skill level 5 in Axes
  2330 | D:6      | Noticed a black bear
  2337 | D:6      | Noticed a centaur
  2338 | D:6      | Killed a black bear
  2339 | D:6      | Reached XP level 6. HP: 29/53 MP: 5/5
  2353 | D:6      | Reached skill level 5 in Armour
  2905 | D:6      | Noticed a steam dragon
  2914 | D:5      | Entered Level 5 of the Dungeon
  2915 | D:5      | Found a runed translucent door.
  2917 | D:5      | Noticed DocClef's ghost (amateur GnDe)
  2943 | D:5      | Reached XP level 7. HP: 47/60 MP: 6/6
  3215 | D:5      | Reached skill level 5 in Fighting
  3263 | D:5      | Found a glowing drain.
  3267 | Sewer    | Entered a sewer
  3693 | Sewer    | Reached skill level 5 in Shields
  4090 | D:5      | Found a staircase to the Ecumenical Temple.
  4099 | Temple   | Entered the Ecumenical Temple
  4231 | D:5      | Found a runed translucent door.
  4299 | D:4      | Reached XP level 8. HP: 63/68 MP: 7/7
  4350 | D:4      | Noticed a +0 spear
  4351 | D:4      | Noticed a +0 falchion
  4351 | D:4      | Noticed a +0 spear
  4351 | D:4      | Noticed a +0 short sword
  4351 | D:4      | Noticed a +0 dagger
  4353 | D:4      | Noticed a +0 falchion
  4353 | D:4      | Noticed a +0 short sword
  4353 | D:4      | Noticed a +0 dagger
  4672 | D:4      | Noticed Menkaure
  4682 | D:4      | Killed Menkaure
  4683 | D:4      | Reached skill level 1 in Dodging
  4864 | D:4      | Found a shadowy altar of Dithmenos.
  4957 | D:4      | Found a shimmering altar of Xom.
  5032 | D:4      | Found a hide-covered altar of Uskayaw.
  5386 | D:6      | Noticed Eustachio
  5405 | D:6      | Killed Eustachio
  6325 | D:6      | Reached XP level 9. HP: 51/75 MP: 8/8
  6549 | D:6      | Found a sparkling altar of Nemelex Xobeh.
  6644 | D:7      | Found a bloodstained altar of Trog.
  6688 | D:7      | Found a shimmering blue altar of Sif Muna.
  6847 | D:7      | Got Sif Muna's Disquisition on Sinister Malediction
  6963 | D:7      | Found a runed translucent gate.
  6964 | D:7      | Found a runed translucent gate.
  6965 | D:7      | Found a runed translucent gate.
  6966 | D:7      | Noticed oldark's ghost (novice DDMo)
  6967 | D:7      | Noticed DocClef's ghost (amateur GnDe)
  7084 | D:7      | Reached skill level 5 in Throwing
  7559 | D:8      | Reached skill level 10 in Axes
  8103 | D:8      | Noticed Pikel
  8120 | D:8      | Killed Pikel
  8121 | D:8      | Reached XP level 10. HP: 55/86 MP: 9/9
  8294 | D:8      | Noticed Joseph
  8315 | D:8      | HP: 4/86 [something (7)]
  8712 | D:8      | Killed Joseph
  8900 | D:8      | Reached skill level 6 in Shields
  9691 | D:8      | Found Sualle's Armour Boutique.
  9699 | D:8      | Upgraded the game from 0.29-a0-512-gf59ac788ac to
                  | 0.29-a0-517-gbdf32494f2
  9880 | D:2      | Bought a glowing hand axe for 144 gold pieces
 10113 | D:9      | Reached skill level 10 in Armour
 10129 | D:9      | Found a burning altar of Makhleb.
 10170 | D:9      | Reached skill level 1 in Maces & Flails
 10392 | D:9      | Noticed a two-headed ogre
 10408 | D:9      | Killed a two-headed ogre
 10409 | D:9      | Reached XP level 11. HP: 34/95 MP: 10/10
 10643 | D:9      | Found a white marble altar of Elyvilon.
 10870 | D:10     | Entered Level 10 of the Dungeon
 11102 | D:10     | Noticed a sun demon
 12022 | D:11     | Noticed Josephine
 12048 | D:11     | Killed Josephine
 12094 | D:11     | Identified a scroll of acquirement
 12094 | D:11     | Acquired 896 gold pieces
 12150 | D:11     | Noticed a death yak
 12152 | D:11     | Noticed a death yak
 12153 | D:11     | Noticed a death yak
 12154 | D:11     | Noticed a death yak
 12165 | D:11     | Killed a death yak
 12174 | D:11     | Killed a death yak
 12204 | D:11     | Noticed a death yak
 12206 | D:11     | Noticed a death yak
 12212 | D:11     | Noticed a death yak
 12228 | D:11     | Killed a death yak
 12229 | D:11     | Reached skill level 7 in Shields
 12318 | D:11     | Found a staircase to the Lair.
 12331 | D:11     | Noticed Gastronok
 12346 | D:11     | Killed Gastronok
 12347 | D:11     | Reached XP level 12. HP: 105/106 MP: 11/11
 12393 | D:11     | Noticed a two-headed ogre
 12401 | D:11     | Killed a two-headed ogre
 12402 | D:11     | Reached skill level 1 in Stealth
 12473 | D:11     | Reached skill level 10 in Fighting
 12650 | D:11     | Killed a death yak
 12657 | D:11     | Killed a death yak
 12659 | D:11     | Killed a death yak
 12674 | D:11     | Killed a death yak
 12758 | D:11     | Noticed Maurice
 12777 | D:11     | Killed Maurice
 12778 | D:11     | Reached skill level 10 in Throwing
 12885 | D:11     | Found a shadowy altar of Dithmenos.
 12946 | D:11     | Found a runed translucent gate.
 12946 | D:11     | Found a runed translucent gate.
 12946 | D:11     | Found a runed translucent gate.
 12950 | D:11     | Noticed Taurus's ghost (journeyman MiFi)
 13394 | Lair:1   | Entered Level 1 of the Lair of Beasts
 13402 | Lair:1   | Bought a faintly glowing hand axe for 232 gold pieces
 13402 | Lair:1   | Identified the +6 hand axe "Caog" {elec, *Corrode rElec
                  | rF+++ Str+3} (You bought it in a shop on level 1 of the
                  | Lair of Beasts)
 13595 | D:12     | Noticed Frances
 14029 | Lair:1   | Noticed Fannar
 14060 | Lair:1   | Killed Fannar
 14419 | Lair:1   | Noticed Harold
 14436 | Lair:1   | Killed Harold
 14710 | Lair:2   | Found a staircase to the Snake Pit.
 14715 | Lair:2   | Reached skill level 1 in Polearms
 14729 | Lair:2   | Reached XP level 13. HP: 78/116 MP: 12/12
 15100 | Lair:2   | Reached skill level 8 in Shields
 15415 | Lair:1   | Bought a polished plate armour for 812 gold pieces
 15415 | Lair:1   | Identified the +3 plate armour of the World {Rampage
                  | Regen+} (You bought it in a shop on level 1 of the Lair of
                  | Beasts)
 15842 | D:12     | Reached skill level 15 in Axes
 15845 | D:12     | Reached skill level 1 in Evocations
 16113 | D:12     | Killed Frances
 16395 | D:12     | Found a staircase to the Orcish Mines.
 16872 | D:13     | Noticed Rupert
 16877 | D:13     | Noticed Urug
 16879 | D:13     | Reached skill level 9 in Shields
 16895 | D:13     | Killed Rupert
 16902 | D:13     | Found a gate to the Vaults.
 16915 | D:13     | Paralysed by something for 2 turns
 16935 | D:13     | Killed Urug
 17069 | D:13     | Noticed Lodul
 17081 | D:13     | Killed Lodul
 17082 | D:13     | Reached XP level 14. HP: 127/127 MP: 13/13
 17167 | D:13     | Noticed Nessos
 17172 | D:13     | Killed Nessos
 17413 | Lair:1   | Bought a pair of glowing gloves for 225 gold pieces
 17835 | Lair:3   | Found a frozen archway.
 17852 | IceCv    | Entered an ice cave
 18334 | IceCv    | Noticed a reaper
 18355 | IceCv    | Killed a reaper
 18356 | IceCv    | Reached skill level 10 in Shields
 19725 | Lair:4   | Reached skill level 11 in Shields
 20215 | Lair:4   | Found a staircase to the Swamp.
 21226 | Lair:5   | Found a staircase to the Slime Pits.
 21296 | Lair:6   | Entered Level 6 of the Lair of Beasts
 21314 | Lair:6   | Reached skill level 12 in Shields
 21380 | Lair:5   | Reached XP level 15. HP: 70/136 MP: 0/14
 21485 | Lair:5   | Upgraded the game from 0.29-a0-517-gbdf32494f2 to
                  | 0.29-a0-520-gc852659d43
 22256 | Lair:6   | Reached skill level 13 in Shields
 22418 | Lair:6   | Found a large runed translucent door.
 22571 | Lair:6   | Found a large runed translucent door.
 22592 | Lair:6   | Reached skill level 15 in Armour
 23834 | Lair:6   | Reached skill level 14 in Shields
 24523 | Lair:1   | Bought a pair of glowing boots for 217 gold pieces
 24523 | Lair:1   | Bought runed gold dragon scales for 2407 gold pieces
 24604 | Orc:1    | Entered Level 1 of the Orcish Mines
 24786 | Orc:1    | You fall into a shaft and drop 1 floor!
 24786 | Orc:2    | Entered Level 2 of the Orcish Mines
 24821 | Orc:2    | Found Ylus's Book Emporium.
 24821 | Orc:2    | Found Uhoadian's Magic Scroll Boutique.
 24829 | Orc:2    | Found Ugimy's Antique Armour Shop.
 24834 | Orc:2    | Found Vemog's Book Shoppe.
 24856 | Orc:2    | Bought a scroll of teleportation for 36 gold pieces
 24858 | Orc:2    | Bought a tower shield for 139 gold pieces
 25275 | Orc:2    | Found a staircase to the Elven Halls.
 26795 | D:14     | Reached XP level 16. HP: 113/147 MP: 1/15
 27678 | D:14     | Reached skill level 15 in Shields
 27942 | D:15     | Entered Level 15 of the Dungeon
 28665 | D:15     | Reached skill level 15 in Fighting
 28798 | D:15     | Identified the +9 scimitar of Couluq {flame, Dex+6}
 28881 | D:15     | Cast into level 2 of the Abyss (a wizard)
 28929 | Abyss:2  | Found a corrupted altar of Lugonu.
 28974 | Abyss:2  | Noticed a tentacled starspawn
 28986 | Abyss:2  | Killed a tentacled starspawn
 29044 | Abyss:3  | Noticed a tentacled starspawn
 29045 | Abyss:3  | Noticed a tentacled starspawn
 29050 | Abyss:3  | Killed a tentacled starspawn
 29060 | Abyss:3  | Killed a tentacled starspawn
 29220 | Abyss:3  | Reached skill level 5 in Dodging
 29220 | Abyss:3  | Reached skill level 1 in Spellcasting
 29220 | Abyss:3  | Reached skill level 1 in Translocations
 29220 | Abyss:3  | Reached XP level 17. HP: 53/156 MP: 3/14
 29220 | Abyss:3  | Reached XP level 18. HP: 56/163 MP: 3/14
 29220 | Abyss:3  | Got an abyssal rune of Zot
 29225 | Abyss:3  | Noticed a bone dragon
 29282 | Abyss:3  | HP: 1/163 [bone dragon (9)]
 29316 | D:15     | Escaped the Abyss
 29750 | D:15     | Found a staircase to the Depths.
 30222 | Lair:1   | Bought a scroll of enchant weapon for 105 gold pieces
 30250 | Lair:1   | Upgraded the game from 0.29-a0-520-gc852659d43 to
                  | 0.29-a0-551-gffc1d7fb78
 30346 | Snake:1  | Entered Level 1 of the Snake Pit
 30611 | Snake:1  | Found Lefis's Book Boutique.
 30611 | Snake:1  | Found Soegoor's Jewellery Emporium.
 30611 | Snake:1  | Found Anow's Jewellery Emporium.
 31041 | Snake:2  | Reached skill level 16 in Shields
 32990 | Snake:3  | Noticed Vashnia
 32993 | Snake:3  | Noticed Aizul
 33136 | Snake:2  | Killed Aizul
 33475 | Snake:3  | Reached skill level 17 in Shields
 33489 | Snake:3  | Killed Vashnia
 34033 | Snake:3  | Noticed Saint Roka
 34053 | Snake:3  | Killed Saint Roka
 34523 | Snake:3  | Upgraded the game from 0.29-a0-551-gffc1d7fb78 to
                  | 0.29-a0-555-g3b24f45cc1
 34788 | Snake:3  | Reached XP level 19. HP: 174/174 MP: 17/19
 34817 | Snake:3  | Noticed Asterion
 34845 | Snake:3  | Killed Asterion
 35738 | Snake:4  | Entered Level 4 of the Snake Pit
 35957 | Snake:4  | Found a runed translucent gate.
 35957 | Snake:4  | Found a runed translucent gate.
 35957 | Snake:4  | Found a runed translucent gate.
 35965 | Snake:4  | Noticed Plog's ghost (journeyman DsBe)
 36326 | Snake:4  | Reached skill level 18 in Shields
 36387 | Snake:4  | Identified the +6 halberd of Truncation {vorpal, Str+3}
 36854 | Snake:4  | Found a burning altar of Makhleb.
 36947 | Snake:3  | Upgraded the game from 0.29-a0-555-g3b24f45cc1 to
                  | 0.29-a0-620-g13ace881f2
 37947 | Snake:4  | Got a serpentine rune of Zot
 38546 | Elf:1    | Entered Level 1 of the Elven Halls
 38546 | Elf:1    | Found a runed translucent gate.
 38546 | Elf:1    | Found a runed translucent gate.
 38546 | Elf:1    | Found a runed translucent gate.
 38546 | Elf:1    | Found a runed translucent gate.
 38546 | Elf:1    | Found a runed translucent gate.
 38546 | Elf:1    | Found a runed translucent gate.
 38547 | Elf:1    | Found a runed translucent door.
 38579 | Elf:1    | Found a runed translucent door.
 38667 | Elf:1    | Noticed Azrael
 38695 | Elf:1    | Killed Azrael
 38845 | Elf:1    | Noticed DocClef's ghost (adept GrFi)
 38852 | Elf:1    | Found a transporter.
 38972 | Elf:1    | Found a transporter.
 39003 | Elf:1    | Found a one-way gate to the infinite horrors of the Abyss.
 39006 | Elf:1    | Found a corrupted altar of Lugonu.
 39343 | Elf:1    | Reached skill level 19 in Shields
 40427 | Elf:1    | Got the Incunabulum of Calling
 41125 | Elf:2    | Found a runed translucent gate.
 41125 | Elf:2    | Found a runed translucent gate.
 41126 | Elf:2    | Found a runed translucent gate.
 41348 | Elf:2    | Identified the +8 hand axe "Vobehure" {freeze, Fly Stlth+}
 42834 | Elf:2    | Reached XP level 20. HP: 151/187 MP: 11/20
 43139 | Vaults:1 | Entered Level 1 of the Vaults
 43351 | Vaults:1 | Reached skill level 20 in Shields
 45836 | Swamp:1  | Entered Level 1 of the Swamp
 46006 | Swamp:1  | Reached skill level 1 in Long Blades
 46357 | Swamp:1  | Reached skill level 21 in Shields
 46701 | Swamp:1  | Identified the +0 pair of gloves of Distant Shores {+Blink
                  | Regen+ SInv}
 46984 | Swamp:2  | Noticed Mlioglotl
 47006 | Swamp:2  | Killed Mlioglotl
 48073 | Swamp:3  | Reached skill level 5 in Long Blades
 48104 | Swamp:3  | Identified Roxanne's Disquisition on Clay
 48104 | Swamp:3  | Noticed Roxanne
 48290 | Swamp:3  | Noticed Bai Suzhen
 48316 | Swamp:3  | Killed Bai Suzhen
 48660 | Swamp:4  | Entered Level 4 of the Swamp
 48723 | Swamp:4  | Reached XP level 21. HP: 198/198 MP: 21/21
 49047 | Swamp:4  | HP: 8/199 [will-o-the-wisp/foxfire (6)]
 49047 | Swamp:4  | HP: 2/199 [four-headed hydra (6)]
 49584 | Swamp:4  | Reached skill level 22 in Shields
 49590 | Swamp:4  | Got a decaying rune of Zot
 50200 | Vaults:2 | Found a magical portal.
 50207 | WizLab   | Entered The Roulette of Golubria
 50207 | WizLab   | Found a transporter.
 50216 | WizLab   | Found the +1 cloak of Starlight {*Dazzle EV+4 Stlth--}
 50216 | WizLab   | Found the +2 cloak of the Thief {*Fog Slay-2 SInv Stlth+}
 50216 | WizLab   | Found a corrupted altar of Lugonu.
 50257 | WizLab   | Found a transporter.
 50258 | WizLab   | Found a corrupted altar of Lugonu.
 50294 | WizLab   | Found a transporter.
 50342 | WizLab   | Found a transporter.
 50531 | WizLab   | Found a transporter.
 50571 | WizLab   | Found a transporter.
 50682 | WizLab   | Found a transporter.
 50705 | WizLab   | Found a transporter.
 50773 | WizLab   | Found a transporter.
 50773 | WizLab   | Found a transporter.
 50801 | WizLab   | Identified the -1 cloak of Fortification {rPois rN+ Dex+2}
 50873 | WizLab   | Found a transporter.
 50873 | WizLab   | Found a transporter.
 50965 | WizLab   | Found a transporter.
 50965 | WizLab   | Found a transporter.
 50966 | WizLab   | Found a corrupted altar of Lugonu.
 51009 | WizLab   | Found a transporter.
 51038 | WizLab   | Got Gell's Guide on Dislocation
 51047 | WizLab   | Found a transporter.
 51047 | WizLab   | Found a transporter.
 51081 | WizLab   | Found a transporter.
 51134 | WizLab   | Found a transporter.
 51134 | WizLab   | Found a transporter.
 51898 | Vaults:2 | Reached skill level 23 in Shields
 52056 | Vaults:2 | Found a staircase to the Crypt.
 52056 | Vaults:2 | Found an ancient bone altar of Kikubaaqudgha.
 52057 | Vaults:2 | Found a basalt altar of Yredelemnul.
 52117 | Vaults:2 | Upgraded the game from 0.29-a0-620-g13ace881f2 to
                  | 0.29-a0-643-ga013cefcf8
 52732 | Vaults:3 | Found Yghomp's Weapon Boutique.
 52799 | Vaults:3 | Found a crumbling gateway.
 52804 | Desolati | Entered the Desolation of Salt
 52934 | Desolati | Reached XP level 22. HP: 211/211 MP: 22/22
 53139 | Desolati | Identified the ring of Zilem {rF++ rCorr Str+2 Int-2}
 53166 | Desolati | Identified the +12 hand crossbow of Vilaoth {penet, rElec
                  | rCorr}
 53215 | Desolati | Identified the +1 scale mail of Eternal Vigilance {Harm
                  | *Corrode Str+3 Int+2}
 53360 | Desolati | Found the +8 trishula "Condemnation" {holy, anguish, *Noise
                  | Fly rN+}
 53403 | Desolati | Got the Papyrus of Ice and Moulding
 53405 | Desolati | Identified the +1 scale mail "Mufola" {-Cast Str+3 Dex+2}
 53407 | Desolati | Identified the +1 plate armour of the Poles {rPois Str+4}
 54241 | Vaults:3 | Reached skill level 24 in Shields
 54730 | Vaults:3 | Found Ajutas's Magic Scroll Shoppe.
 54738 | Vaults:3 | Bought a scroll of magic mapping for 73 gold pieces
 55121 | Vaults:4 | Gained mutation: You are weak. (Str -2) [potion of
                  | mutation]
 55122 | Vaults:4 | Lost mutation: You are weak. (Str -2) [potion of mutation]
 55122 | Vaults:4 | Gained mutation: Your muscles are strong. (Str +4,
                  | Int/Dex-1) [potion of mutation]
 55122 | Vaults:4 | Lost mutation: Your muscles are strong. (Str +4, Int/Dex-1)
                  | [potion of mutation]
 55122 | Vaults:4 | Gained mutation: You are partially covered in iridescent
                  | scales. (AC +2) [potion of mutation]
 55122 | Vaults:4 | Gained mutation: You are covered in fur. (AC +1) [potion of
                  | mutation]
 55133 | Vaults:4 | Found Eptoedos's Antique Weapon Boutique.
 56409 | Depths:1 | Entered Level 1 of the Depths
 56466 | Depths:1 | Found a gateway to Hell.
 56577 | Depths:1 | Got the Papyrus of Sinister Secrets
 57620 | Depths:1 | Noticed a golden dragon
 57628 | Depths:1 | Killed a golden dragon
 57777 | Depths:1 | Noticed Sojobo
 57796 | Depths:1 | Killed Sojobo
 57797 | Depths:1 | Reached XP level 23. HP: 166/223 MP: 23/23
 58157 | Depths:1 | Got the Incunabulum of Ignition
 58496 | Depths:1 | Got the Collected Works on Orientation
 58558 | Depths:1 | Reached skill level 25 in Shields
 58607 | Depths:1 | Got the Grimoire of Curses
 58958 | Depths:1 | Identified the +6 broad axe of Integrity {protect, rF+}
 58968 | Depths:1 | Noticed a juggernaut
 58982 | Depths:1 | Killed a juggernaut
 58983 | Depths:1 | Identified the +0 pair of boots "Qaovergh" {Str+2}
 59395 | Depths:2 | Paralysed by a floating eye for 4 turns
 59608 | Depths:2 | Paralysed by a floating eye for 3 turns
 59839 | Lair:1   | Upgraded the game from 0.29-a0-643-ga013cefcf8 to
                  | 0.29-a0-648-g6b26cc9f40
 59845 | Lair:1   | Reached skill level 1 in Invocations
 59845 | Lair:1   | Reached XP level 24. HP: 234/234 MP: 23/23
 60696 | Depths:2 | Found a glowing golden altar of the Shining One.
 60853 | Depths:2 | Found a one-way gate leading to the halls of Pandemonium.
 60861 | Depths:2 | Gained mutation: You do not regenerate when monsters are
                  | visible. [a neqoxec]
 61275 | Depths:2 | Acquired 536 gold pieces
 61510 | Depths:3 | Reached skill level 26 in Shields
 61582 | Depths:3 | Found a one-way gateway to a ziggurat.
 61586 | Depths:3 | Paralysed by a floating eye for 4 turns
 61593 | Depths:3 | Paralysed by a floating eye for 4 turns
 61599 | Depths:3 | Paralysed by a floating eye for 3 turns
 61604 | Depths:3 | Paralysed by a floating eye for 2 turns
 61608 | Depths:3 | Paralysed by a floating eye for 2 turns
 61613 | Depths:3 | Paralysed by a floating eye for 4 turns
 61782 | Depths:3 | Noticed Margery
 61821 | Depths:3 | Killed Margery
 62063 | Depths:3 | Reached XP level 25. HP: 175/243 MP: 23/23
 62274 | Depths:3 | Identified the +2 cloak of Yrow {Will+ Int+3}
 62431 | Depths:3 | Noticed Louise
 62436 | Depths:3 | Killed Louise
 63061 | Depths:3 | Paralysed by a floating eye for 2 turns
 63065 | Depths:3 | Paralysed by a floating eye for 3 turns
 63070 | Depths:3 | Paralysed by a floating eye for 3 turns
 63078 | Depths:3 | Paralysed by a floating eye for 4 turns
 63086 | Depths:3 | Paralysed by a floating eye for 3 turns
 63119 | Depths:4 | Entered Level 4 of the Depths
 63120 | Depths:4 | Noticed a juggernaut
 63140 | Depths:4 | Killed a juggernaut
 63206 | Depths:4 | Found Towenien's Distillery.
 63226 | Depths:4 | Bought a potion of heal wounds for 75 gold pieces
 63226 | Depths:4 | Bought a potion of ambrosia for 120 gold pieces
 63248 | Depths:4 | Found Ciongor's Magic Scroll Emporium.
 63267 | Depths:4 | Bought a scroll of brand weapon for 360 gold pieces
 63350 | Depths:4 | Noticed Parghit
 63577 | Depths:4 | Upgraded the game from 0.29-a0-648-g6b26cc9f40 to
                  | 0.29-a0-668-g12ee2bf84d
 63608 | Depths:4 | Killed Parghit
 63726 | Depths:4 | Reached skill level 27 in Shields
 63784 | Depths:4 | Found a gate to the Realm of Zot.
 64268 | Vaults:4 | Lost mutation: You are partially covered in iridescent
                  | scales. (AC +2) [potion of mutation]
 64268 | Vaults:4 | Lost mutation: You are covered in fur. (AC +1) [potion of
                  | mutation]
 64268 | Vaults:4 | Lost mutation: You do not regenerate when monsters are
                  | visible. [potion of mutation]
 64268 | Vaults:4 | Gained mutation: You are strong-willed. (Will+) [potion of
                  | mutation]
 64268 | Vaults:4 | Gained mutation: You are agile. (Dex +4, Int/Str-1) [potion
                  | of mutation]
 64268 | Vaults:4 | Gained mutation: You have sharp fingernails. [potion of
                  | mutation]
 64653 | Snake:4  | Killed Plog's ghost
 65007 | Elf:3    | Entered Level 3 of the Elven Halls
 65143 | Elf:3    | Noticed Mara
 65145 | Elf:3    | Noticed peter4's illusion
 65169 | Elf:3    | Killed Mara
 65788 | Elf:3    | Noticed Nikola
 66100 | Elf:3    | Identified the ring "Datiamp" {*Slow rPois rN+ Str+2 Int+6}
 66180 | Elf:3    | Identified the +5 broad axe of the Coin {vorpal, rC+}
 66180 | Elf:3    | Identified the +7 triple sword of a Million Ghosts {vorpal,
                  | rPois}
 66180 | Elf:3    | Identified the ring of the Crown {+Blink rPois rF+}
 66187 | Elf:3    | Killed Nikola
 66337 | Elf:3    | Got the Papyrus of the Birds and Sinister Rituals
 66390 | Elf:3    | Identified the +6 fustibalus "Wophuhirr" {freeze, Fly}
 66967 | Depths:4 | Identified the +7 rapier of Magnificence {flame, Str+3}
 67600 | Zot:1    | Entered Level 1 of the Realm of Zot
 67613 | Zot:1    | Noticed Grunn
 67638 | Zot:1    | Killed Grunn
 67859 | Zot:1    | Reached XP level 26. HP: 179/258 MP: 23/23
 68162 | Zot:1    | Identified the +5 plate armour "Boareac" {Harm *Slow Int-4
                  | Dex+4}
 69059 | Zot:3    | Found the +4 dragonskin cloak
 69059 | Zot:3    | Noticed Tiamat
 69137 | Zot:3    | Killed Tiamat
 69169 | Zot:3    | HP: 7/256 [yellow draconian annihilator/iron shot[Tiamat]
                  | (35)]
 69169 | Zot:3    | HP: 3/256 [green draconian/+0 war axe[Tiamat] (4)]
 69169 | Zot:3    | Mangled by a death cob

Illustrated notes

Levels and vault maps discovered:
D:1:      dpeg_arrival_round_c, layout_loops_ring,
          hangedman_abyss_or_decor_lesser_grid, chequers_arboretum,
          solitary_fountain
D:2:      layout_rooms, serial_shops, shop, ebering_ecumenical_altar_mist,
          uniq_terence, uniq_robin
D:3:      layout_rooms, nicolae_gozag_zags_fifth_avenue, st_stairs_1,
          skrybe_limestone_x
D:4:      layout_loops_corners, nicolae_uskayaw_en_pointe,
          mainiacjoe_overflow_catch_the_wave, uniq_menkaure
D:5:      layout_rooms, minmay_temple_entry_poolview, ebering_ghost_sewer_f,
          gup_sewer_entry_bowl
D:6:      layout_basic, nemelex_spade_bored_becter, grunt_ministairs_5,
          uniq_eustachio
D:7:      layout_gridville, nzn_overflow_gifts_of_might_and_magic,
          gammafunk_ghost_cemetery
D:8:      layout_basic, serial_shops, nicolae_shop_waterfront,
          hangedman_misty_isle, uniq_joseph, uniq_pikel
D:9:      minmay_bubble_buster, layout_gridville, kennysheep_mini_moat,
          mainiacjoe_overflow_brackets, serial_ice, serial_ice_j, serial_ice_b,
          serial_ice_m, serial_ice_n, serial_ice_d, serial_ice_f, serial_ice_e,
          serial_ice_c, serial_ice_a, serial_ice_h
D:10:     layout_stronghold, amcnicky_mini_pool_medium
D:11:     layout_cave_pods, dpeg_lair_monsters, ebering_ghost_rock_garden,
          gauntlet_entry_generic, grunt_dithmenos_shadows, uniq_maurice,
          uniq_josephine, uniq_gastronok
D:12:     layout_cave_pools, hiddenorc2_lemuel, serial_rivers,
          chequers_serial_rivers_micro_b, chequers_serial_rivers_room_a,
          chequers_serial_rivers_micro_e, chequers_serial_rivers_marsh,
          chequers_serial_rivers_micro_b, chequers_serial_rivers_large_a,
          serial_bayou_crossing, uniq_frances
D:13:     layout_basic, david_vaults_3, uniq_lodul, uniq_nessos
D:14:     layout_roguey, eino_tiny_chamber
D:15:     grunt_enter_depths_magical_seal, layout_stronghold,
          minmay_misc_feat_rows
Temple:   cyrus_circular_temple
Lair:1:   layout_gridlike, guppyfry_lair_drakes, uniq_fannar, uniq_harold
Lair:2:   layout_roguey, minmay_snake_entry_six_corridors
Lair:3:   layout_roguey, portal_ice_cave_entry_ice_simulacra, serial_bayou,
          serial_bayou_lagoon_a, serial_bayou_lagoon_b, serial_bayou_pond_d,
          serial_bayou_pond_d
Lair:4:   layout_long_grid, swamp_mist, bobbens_dragon_lair_wall,
          grunt_megastairs_2
Lair:5:   layout_cave_shapes, dpeg_slime_entry_corner, serial_bayou_lake_a
Lair:6:   cheibrodos_lair_end_hotspot, layout_cave_pods, serial_bayou_pond_b,
          evilmike_ambush [evilmike_ambush_outer_pillars,
          evilmike_ambush_inner_basic]
Swamp:1:  nicolae_swamp_long_stream, layout_falls_marsh,
          nicolae_swamp_orc_logging_accident,
          nicolae_swamp_necromancy_gone_wrong
Swamp:2:  layout_falls_marsh, hangedman_swamp_ruin_wall,
          infiniplex_staircase_pool, uniq_mlioglotl
Swamp:3:  layout_falls_marsh, hangedman_swamp_blocks, uniq_roxanne,
          uniq_bai_suzhen
Swamp:4:  swamp_basic_johnstein, layout_basic_swamp
Snake:1:  layout_misc_corridors, dpeg_stationary_puzzle, lemuel_fruit_tree,
          minmay_shop_grove
Snake:2:  kennysheep_six_static_rooms, layout_grid_maze, nicolae_snake_springs
Snake:3:  layout_chambers, grunt_megastairs_1, uniq_aizul, uniq_vashnia,
          uniq_saint_roka, uniq_asterion
Snake:4:  hellmonk_snake_rune_quicksilver_temple, layout_cave_town,
          gammafunk_ghost_necromancy, basic_altar
Orc:1:    layout_diamond_mine
Orc:2:    st_orc_rangers, layout_caves, nicolae_orc_stony_grotto
Elf:1:    nicolae_elf_arrival_dilemma, layout_loops_corners,
          gammafunk_ghost_arena, minmay_elf_demonology, moated_statue,
          amcnicky_altar_lugonu_corruption, uniq_azrael
Elf:2:    elven_hall_of_blades_hangedman_original
          [nicolae_blade_entry_antechamber], layout_gridlike,
          dreamdust_wishing_well
Elf:3:    minmay_elf_hall_furrowed, layout_onion_city, minmay_misc_feat_alley,
          corner_web_ring, nicolae_elf_glass_and_crystal_pillar_2, uniq_nikola,
          uniq_mara
Vaults:1: st_lines, nicolae_vaults_mini_display_case, v_alt_pattern_5,
          nicolae_vaults_puzzle_piece, v_misc_13,
          nicolae_vaults_little_squares_5, v_misc_29, nicolae_vaults_big_ls,
          nicolae_vaults_yaktaur_gun_rack, grunt_vaults_diagonal,
          layout_vaults_big_cross
Vaults:2: infiniplex_enter_wizlab_glasses, nicolae_vaults_diagonal_hallway_9,
          minmay_crypt_entry_necro_gods, nicolae_vaults_network_quinsquares
          [nicolae_vaults_network_quincunx_subvault,
          nicolae_vaults_network_quincunx_subvault,
          nicolae_vaults_network_quincunx_subvault,
          nicolae_vaults_network_quincunx_subvault],
          nicolae_vaults_little_squares_3, nicolae_vaults_little_squares_4,
          nicolae_vaults_network_star, hangedman_vaults_cutoff,
          nicolae_vaults_quartermaster, v_misc_2, layout_vaults_omnigrid
Vaults:3: portal_desolation_entry_ruin, vaults_mumra_minichess_inversion,
          v_alt_pattern_6, v_misc_15, nicolae_vaults_network_barrier, v_misc_13,
          grunt_vaults_funnel, vaults_mumra_hex,
          nicolae_vaults_network_periphery, v_misc_8, v_misc_25,
          vaults_room_door_ring, ontoclasm_vaults_decontamination,
          layout_vaults_omnibox, serial_shops,
          nicolae_shop_bloodbath_and_beyond, shop
Vaults:4: ontoclasm_vaults_spin, vaults_standard_mumra_x, grunt_vaults_bifocal,
          v_misc_31, nicolae_vaults_big_angled_halls, vaults_room_door_hall,
          vaults_dpeg_hooks, ontoclasm_vaults_loading_screen,
          hangedman_vaults_stagger, vaults_dpeg_encased_lava,
          layout_vaults_ring, serial_shops, nicolae_shop_waterfront
Depths:1: minmay_the_grid_octo_2x2 [minmay_the_grid_octo_77,
          minmay_the_grid_octo_empty, minmay_the_grid_octo_tetromino_candy,
          minmay_the_grid_octo_prize_single_spiral], layout_gridlike,
          chequers_big_river, serial_hangedman_research,
          hangedman_research_probablistics, hangedman_research_pyrotechnics,
          hangedman_research_quantum, hangedman_research_thanatology,
          hell_entry, minmay_misc_feat_cross, minmay_misc_feat_enclosed,
          minmay_misc_feat_ornament, uniq_sojobo
Depths:2: grunt_x_marks_the_spot, layout_basic, grunt_hell_entry_dis_mu,
          grunt_pan_entry_in_and_out, tso_metal_star
Depths:3: minmay_tri_stars, layout_gridlike, enter_ziggurat_d, grunt_hell_horde,
          hangedman_abyss_or_decor_passed,
          nicolae_abyss_entry_one_way_or_another,
          minmay_checkered_concentric_circles, uniq_margery
Depths:4: grunt_zot_entry_tricorne, layout_gridlike, hellmouth_1,
          chequers_serial_rivers_small_3, abyss_entry, minmay_shop_star,
          uniq_josephina, uniq_parghit
Zot:1:    layout_onion_interference, uniq_grunn
Zot:2:    layout_misc_corridors, st_stairs_5
Zot:3:    layout_basic, uniq_tiamat

Skill      XL: |  1  2  3  4  5  6  7  8  9 10 11 12 13 14 15 16 17 18 19 20 21 22 23 24 25 26 |
---------------+-------------------------------------------------------------------------------+-----
Armour         | 4 5 6 7 9 10 11 12 13 14 15 16 17 18 19 20 21 22 | 22.3
Shields        | 4 5 6 7 9 12 14 15 17 19 21 23 24 25 26 27 | 27.0
Fighting       | 4 5 6 7 8 9 11 12 13 14 15 16 18 19 20 22 23 25 26 | 26.0
Axes           | 3 4 5 6 7 8 10 12 13 14 15 16 17 18 19 20 21 23 24 25 26 | 26.4
Throwing       | 1 2 3 4 5 7 9 10 11 12 | 12.9
Dodging        | 1 2 3 4 5 |  5.8
Maces & Flails | 1 |  1.9
Stealth        | 2 |  2.4
Polearms       | 1 2 3 |  3.6
Evocations     | 1 2 3 |  3.5
Spellcasting   | 1 |  1.3
Translocations | 1 |  1.4
Long Blades    | 6 8 |  8.0
Invocations    | 1 |  1.5

Action                   |  1- 3 |  4- 6 |  7- 9 | 10-12 | 13-15 | 16-18 | 19-21 | 22-24 | 25-27 || total
-------------------------+-------+-------+-------+-------+-------+-------+-------+-------+-------++-------
Melee: War axe           |    54 |    71 |   337 |    94 |       |       |       |       |       ||   556
       Headbutt          |     2 |    10 |    53 |   133 |   318 |   157 |   503 |   367 |   259 ||  1802
       Hand axe          |       |       |       |   557 |  1262 |   311 |    88 |    61 |     7 ||  2286
       Whip              |       |       |       |    11 |       |       |       |       |       ||    11
       Spear             |       |       |       |    25 |    54 |       |       |       |       ||    79
       Broad axe         |       |       |       |       |       |   314 |  1339 |  1114 |   721 ||  3488
       Scimitar          |       |       |       |       |       |       |   255 |       |       ||   255
Throw: Dart              |       |     6 |     4 |    25 |     6 |       |       |       |       ||    41
       Javelin           |       |       |       |    23 |    54 |    17 |     2 |     6 |       ||   102
Invok: Potion Petition   |       |       |       |     1 |       |       |       |       |     1 ||     2
       Call Merchant     |       |       |       |     1 |     2 |     1 |     1 |     1 |     1 ||     7
 Abil: Evoke Blink       |       |       |       |       |       |       |     1 |       |       ||     1
Evoke: Wand              |       |       |       |     4 |     7 |       |       |       |     2 ||    13
  Use: Scroll            |     6 |     1 |     1 |    11 |     6 |    12 |    12 |     6 |    10 ||    65
       Potion            |       |     4 |     1 |    10 |     2 |    11 |     5 |     3 |     2 ||    38
 Stab: Distracted        |       |       |       |     3 |    11 |     5 |    17 |    19 |     9 ||    64
       Petrified         |       |       |       |       |       |    12 |       |       |       ||    12
       Confused          |       |       |       |       |       |       |     1 |       |       ||     1
       Invisible         |       |       |       |       |       |       |       |     5 |       ||     5
Armor: Scale mail        |    20 |       |       |       |       |       |       |       |       ||    20
       Chain mail        |    16 |    57 |   145 |   288 |    16 |       |       |       |       ||   522
       Plate armour      |       |       |    63 |       |   470 |       |       |       |       ||   533
       Skin              |       |       |       |    16 |       |       |       |       |       ||    16
       Ice dragon scales |       |       |       |       |     4 |       |       |       |       ||     4
       Gold dragon scale |       |       |       |       |    64 |   272 |  1034 |   276 |   240 ||  1886
Dodge: Dodged            |    25 |    43 |   126 |   170 |   236 |    78 |   331 |   108 |   120 ||  1237
Block: Buckler           |    22 |    22 |    76 |    97 |       |       |       |       |       ||   217
       Kite shield       |       |       |       |    35 |   817 |   205 |       |       |       ||  1057
       Reflection        |       |       |       |       |    50 |    97 |   113 |    31 |    17 ||   308
       Tower shield      |       |       |       |       |       |   420 |  2117 |  1040 |   747 ||  4324

Table legend: (Time is in decaauts)
 A = Elapsed time spent in this place.
 B = Non-inter-level travel time spent in this place.
 C = Inter-level travel time spent in this place.
 D = Time resting spent in this place.
 E = Time spent auto-exploring this place.
 F = Levels seen in this place.
 G = Mean time per level.
                   A        B        C        D        E       F      G
               +--------+--------+--------+--------+--------+-----+--------+
         Total |  68248 |  61755 |   6493 |   8928 |  35246 |  52 | 1312.5 |
       Dungeon |  19187 |  16774 |   2413 |   2307 |  10552 |  15 | 1279.1 |
        Temple |     51 |     51 |      0 |      0 |     34 |   1 |   51.0 |
          Lair |   8873 |   7845 |   1028 |    423 |   5104 |   6 | 1478.8 |
         Swamp |   3947 |   3635 |    312 |    489 |   2070 |   4 |  986.8 |
     Snake Pit |   8324 |   7768 |    556 |   2237 |   3859 |   4 | 2081.0 |
  Orcish Mines |   2357 |   2014 |    343 |     53 |   1500 |   2 | 1178.5 |
   Elven Halls |   5863 |   5458 |    405 |   1242 |   2469 |   3 | 1954.3 |
        Vaults |   7272 |   6386 |    886 |    235 |   4330 |   4 | 1818.0 |
        Depths |   7208 |   6744 |    464 |   1022 |   3525 |   4 | 1802.0 |
           Zot |   1384 |   1301 |     83 |     75 |    670 |   3 |  461.3 |
         Abyss |    397 |    397 |      0 |    152 |     62 |   2 |  198.5 |
         Sewer |    750 |    750 |      0 |    140 |    300 |   1 |  750.0 |
      Ice Cave |    723 |    723 |      0 |    282 |    183 |   1 |  723.0 |
        Wizlab |   1043 |   1043 |      0 |    171 |    322 |   1 | 1043.0 |
    Desolation |    862 |    862 |      0 |     98 |    264 |   1 |  862.0 |
               +--------+--------+--------+--------+--------+-----+--------+

Top non-repeatable levels by time:
  Lair:6: 2879 daAuts
Vaults:1: 2874 daAuts
 Snake:3: 2671 daAuts
Depths:1: 2434 daAuts
   Elf:1: 2363 daAuts
 Snake:4: 2355 daAuts
 Snake:2: 2225 daAuts
   Elf:2: 2176 daAuts
     D:8: 2120 daAuts
    D:15: 2102 daAuts
     D:6: 2075 daAuts
  Lair:1: 1966 daAuts
    D:11: 1950 daAuts
   Orc:2: 1824 daAuts
Depths:4: 1689 daAuts
